AA
CAMDEN SAND TIGERS @ AUBURN VENOM
06/22/2060
 
TOP OF THE 1ST
Camden Sand Tigers batting - Pitching for Auburn Venom : RHP Cam Moody
Pitching: RHP Cam Moody
Batting: SHB Jared Manning 0-0: Ball
1-0: Called Strike
1-1: Foul Ball, location: 2F
1-2: Ball
2-2: Foul Ball, location: 2F
2-2: Ball
3-2: Foul Ball, location: 2F
3-2: Foul Ball, location: 2F
3-2: Base on Balls
Batting: RHB Arel Dennis 0-0: 2-RUN HOME RUN (Flyball, 9D, EV 106.9 MPH), Distance : 385 ft
Batting: RHB Gregory Hofheins 0-0: Ball
1-0: Foul Ball, location: 2F
1-1: Foul Ball, location: 2F
1-2: Foul Ball, location: 2F
1-2: Ball
2-2: SOLO HOME RUN (Flyball, 9D, EV 94.4 MPH), Distance : 365 ft
Batting: RHB Cale Bacon 0-0: Swinging Strike
0-1: Foul Ball, location: 2F
0-2: Strikes out swinging
Batting: LHB Cody Griggs 0-0: Ball
1-0: Foul Ball, location: 2F
1-1: Ball
2-1: Called Strike
2-2: Foul Ball, location: 2F
2-2: Strikes out swinging
Batting: RHB Owen Orth 0-0: Called Strike
0-1: Foul Ball, location: 2F
0-2: Ball
1-2: Strikes out looking
Top of the 1st over - 3 runs, 2 hits, 0 errors, 0 left on base; Camden 3 - Auburn 0
BOTTOM OF THE 1ST
Auburn Venom batting - Pitching for Camden Sand Tigers : RHP Cory Cefalu
Pitching: RHP Cory Cefalu
Batting: RHB Ebenezer N'Gotho 0-0: Called Strike
0-1: Ball
1-1: Ground out 6-3 (Groundball, 56, EV 83.8 MPH)
Batting: RHB Scott Horry 0-0: Ball
1-0: Called Strike
1-1: Ball
2-1: Ball
3-1: Fly out, F8 (Flyball, 8LM, EV 93.1 MPH)
Batting: SHB Quinton Welch 0-0: Ball
1-0: Foul Ball, location: 2F
1-1: SOLO HOME RUN (Flyball, 89XD, EV 106.2 MPH), Distance : 419 ft
Batting: RHB Martin Robbins 0-0: Called Strike
0-1: Ball
1-1: Ball
2-1: Foul Ball, location: 2F
2-2: Strikes out swinging
Bottom of the 1st over - 1 run, 1 hit, 0 errors, 0 left on base; Camden 3 - Auburn 1
TOP OF THE 2ND
Camden Sand Tigers batting - Pitching for Auburn Venom : RHP Cam Moody
Batting: RHB Al Schaut 0-0: Ball
1-0: Fly out, F7 (Line Drive, 7, EV 90.0 MPH)
Batting: LHB Bradley Campbell 0-0: Ball
1-0: Ball
2-0: Called Strike
2-1: Ground out 4-3 (Groundball, 34D, EV 93.8 MPH)
Batting: RHB Sylvester Krantz 0-0: Ball
1-0: Swinging Strike
1-1: Foul Ball, location: 2F
1-2: Ball
2-2: Strikes out looking
Top of the 2nd over - 0 runs, 0 hits, 0 errors, 0 left on base; Camden 3 - Auburn 1
BOTTOM OF THE 2ND
Auburn Venom batting - Pitching for Camden Sand Tigers : RHP Cory Cefalu
Batting: RHB J.C. Creamer 0-0: Ball
1-0: Ball
2-0: Ball
3-0: Base on Balls
Batting: LHB Jaleen Edgell 0-0: Foul Ball, location: 2F
0-1: Fly out, F4 (Popup, 4, EV 55.0 MPH)
Batting: RHB Allen Cullin 0-0: Called Strike
0-1: Ball
1-1: Ball
2-1: SINGLE (Groundball, 56D, EV 99.4 MPH)
J.C. Creamer to second
Batting: LHB Da-Jon Akii-Bua 0-0: Ball
1-0: Foul Ball, location: 2F
1-1: Swinging Strike
1-2: Ball
2-2: Ball
3-2: Base on Balls
J.C. Creamer to third
Allen Cullin to second
Batting: LHB Trevor Paige 0-0: Swinging Strike
0-1: Called Strike
0-2: Ball
1-2: Strikes out swinging
Batting: RHB Ebenezer N'Gotho 0-0: Ball
1-0: Ball
2-0: Fly out, F7 (Flyball, 7LM, EV 92.5 MPH)
Bottom of the 2nd over - 0 runs, 1 hit, 0 errors, 3 left on base; Camden 3 - Auburn 1
TOP OF THE 3RD
Camden Sand Tigers batting - Pitching for Auburn Venom : RHP Cam Moody
Batting: SHB Jared Manning 0-0: Swinging Strike
0-1: Foul Ball, location: 2F
0-2: Fly out, F8 (Line Drive, 8RM, EV 103.8 MPH)
Batting: RHB Arel Dennis 0-0: Foul Ball, location: 2F
0-1: Ball
1-1: Fly out, F3 (Popup, 3SF, EV 81.9 MPH)
Batting: RHB Gregory Hofheins 0-0: Ball
1-0: SINGLE (Groundball, 5D, EV 102.5 MPH)
Batting: RHB Cale Bacon 0-0: Ball
1-0: Foul Ball, location: 2F
1-1: Ball
2-1: Foul Ball, location: 2F
2-2: Ball
3-2: Strikes out swinging
Top of the 3rd over - 0 runs, 1 hit, 0 errors, 1 left on base; Camden 3 - Auburn 1
BOTTOM OF THE 3RD
Auburn Venom batting - Pitching for Camden Sand Tigers : RHP Cory Cefalu
Batting: RHB Scott Horry 0-0: Foul Ball, location: 2F
0-1: Fly out, F7 (Flyball, 78M, EV 91.9 MPH)
Batting: SHB Quinton Welch 0-0: Ball
1-0: Called Strike
1-1: Ball
2-1: Foul Ball, location: 2F
2-2: Ball
3-2: Foul Ball, location: 2F
3-2: Ground out U3 (Groundball, 3, EV 81.9 MPH)
Batting: RHB Martin Robbins 0-0: Called Strike
0-1: SINGLE (Line Drive, 89S, EV 108.8 MPH)
Batting: RHB J.C. Creamer 0-0: Ball
Martin Robbins steals 2nd base (no throw)
1-0: SINGLE (Groundball, 6MD, EV 107.5 MPH)
Martin Robbins to third
Runner from 3rd tries for Home, SAFE, throw by CF to home
Batting: LHB Jaleen Edgell 0-0: Hit by Pitch
J.C. Creamer to second
Batting: RHB Allen Cullin 0-0: Called Strike
0-1: Ball
1-1: Ball
2-1: DOUBLE (Line Drive, 8LXD, EV 98.1 MPH)
J.C. Creamer scores
Jaleen Edgell to third
Batting: LHB Da-Jon Akii-Bua 0-0: Called Strike
0-1: Foul Ball, location: 2F
0-2: Fly out, F8 (Line Drive, 8LM, EV 92.5 MPH)
Bottom of the 3rd over - 2 runs, 3 hits, 0 errors, 2 left on base; Camden 3 - Auburn 3
TOP OF THE 4TH
Camden Sand Tigers batting - Pitching for Auburn Venom : RHP Cam Moody
Batting: LHB Cody Griggs 0-0: Called Strike
0-1: Ball
1-1: Swinging Strike
1-2: Strikes out swinging
Batting: RHB Owen Orth 0-0: Ball
1-0: Foul Ball, location: 2F
1-1: Called Strike
1-2: Strikes out swinging
Batting: RHB Al Schaut 0-0: Ball
1-0: Called Strike
1-1: Foul Ball, location: 2F
1-2: Ground out 5-3 (Groundball, 56, EV 90.6 MPH)
Top of the 4th over - 0 runs, 0 hits, 0 errors, 0 left on base; Camden 3 - Auburn 3
BOTTOM OF THE 4TH
Auburn Venom batting - Pitching for Camden Sand Tigers : RHP Cory Cefalu
Batting: LHB Trevor Paige 0-0: Ball
1-0: Swinging Strike
1-1: Ball
2-1: Ball
3-1: Swinging Strike
3-2: Foul Ball, location: 2F
3-2: Base on Balls
Batting: RHB Ebenezer N'Gotho 0-0: Called Strike
0-1: Ball
1-1: Ball
2-1: Called Strike
2-2: Fielders Choice at 2nd, 1-6 (Groundball, 13, EV 68.1 MPH)
Batting: RHB Scott Horry 0-0: Swinging Strike
0-1: Ball
1-1: Foul Ball, location: 2F
1-2: Strikes out swinging
Batting: SHB Quinton Welch 0-0: Called Strike
0-1: Called Strike
0-2: SINGLE (Line Drive, 4MD, EV 96.2 MPH)
Ebenezer N'Gotho to second
Runner from 2nd tries for 3rd, OUT! 8-5
Bottom of the 4th over - 0 runs, 1 hit, 0 errors, 1 left on base; Camden 3 - Auburn 3
TOP OF THE 5TH
Camden Sand Tigers batting - Pitching for Auburn Venom : RHP Cam Moody
Batting: LHB Bradley Campbell 0-0: Ball
1-0: Foul Ball, location: 2F
1-1: Swinging Strike
1-2: Strikes out swinging
Batting: RHB Sylvester Krantz 0-0: Ball
1-0: Called Strike
1-1: Ball
2-1: Fly out, F8 (Flyball, 8RM, EV 91.2 MPH)
Batting: SHB Jared Manning 0-0: Ball
1-0: Ground out 6-3 (Groundball, 6, EV 85.6 MPH)
Top of the 5th over - 0 runs, 0 hits, 0 errors, 0 left on base; Camden 3 - Auburn 3
BOTTOM OF THE 5TH
Auburn Venom batting - Pitching for Camden Sand Tigers : RHP Cory Cefalu
Batting: RHB Martin Robbins 0-0: Ball
1-0: Foul Ball, location: 2F
1-1: Ball
2-1: Ball
3-1: Base on Balls
Batting: RHB J.C. Creamer 0-0: Called Strike
Martin Robbins is caught stealing 2nd base 2-4
0-1: SINGLE (Groundball, 3D, EV 96.9 MPH)
Batting: LHB Jaleen Edgell 0-0: Foul Ball, location: 2F
0-1: Foul Ball, location: 2F
0-2: Foul Ball, location: 2F
0-2: Ball
1-2: Fielders Choice at 2nd, 4-6 (Groundball, 4M, EV 84.4 MPH)
Pitching: RHP Gavin Rosnick
Batting: RHB Allen Cullin 0-0: Ball
1-0: Ball
2-0: Ball
3-0: Base on Balls
Jaleen Edgell to second
Batting: LHB Da-Jon Akii-Bua 0-0: Ball
1-0: Ball
2-0: SINGLE (Line Drive, 9S, EV 93.8 MPH)
Jaleen Edgell to third
Allen Cullin to second
Runner from 3rd tries for Home, SAFE, throw by RF to home
Batting: LHB Trevor Paige 0-0: Called Strike
0-1: Ball
1-1: Ball
2-1: Swinging Strike
2-2: Fly out, F9 (Flyball, 89M, EV 98.1 MPH)
Bottom of the 5th over - 1 run, 2 hits, 0 errors, 2 left on base; Camden 3 - Auburn 4
TOP OF THE 6TH
Camden Sand Tigers batting - Pitching for Auburn Venom : RHP Cam Moody
Batting: RHB Arel Dennis 0-0: Ball
1-0: Called Strike
1-1: Foul Ball, location: 2F
1-2: Ball
2-2: Strikes out swinging
Batting: RHB Gregory Hofheins 0-0: Called Strike
0-1: Ball
1-1: Foul Ball, location: 2F
1-2: Ball
2-2: Ball
3-2: Base on Balls
Batting: RHB Cale Bacon 0-0: Called Strike
0-1: Ball
1-1: Foul Ball, location: 2F
1-2: Foul Ball, location: 2F
1-2: Foul Ball, location: 2F
1-2: Strikes out swinging
Pitching: LHP Evan Hale
Batting: LHB Cody Griggs 0-0: Ball
1-0: Ball
2-0: Foul Ball, location: 2F
2-1: Called Strike
2-2: Ball
3-2: Foul Ball, location: 2F
3-2: Foul Ball, location: 2F
3-2: Base on Balls
Gregory Hofheins to second
Batting: RHB Owen Orth 0-0: Ball
1-0: Swinging Strike
1-1: Fly out, F7 (Flyball, 78S, EV 88.8 MPH)
Top of the 6th over - 0 runs, 0 hits, 0 errors, 2 left on base; Camden 3 - Auburn 4
BOTTOM OF THE 6TH
Auburn Venom batting - Pitching for Camden Sand Tigers : RHP Gavin Rosnick
Batting: RHB Ebenezer N'Gotho 0-0: Ball
1-0: Called Strike
1-1: Ball
2-1: Swinging Strike
2-2: Ball
3-2: Foul Ball, location: 2F
3-2: Strikes out looking
Pitching: LHP Travis Kastelic
Batting: RHB Scott Horry 0-0: Ball
1-0: Fly out, F8 (Flyball, 8LD, EV 94.4 MPH)
Batting: SHB Quinton Welch 0-0: Ball
1-0: Foul Ball, location: 2F
1-1: Ball
2-1: Foul Ball, location: 2F
2-2: Foul Ball, location: 2F
2-2: Ball
3-2: Base on Balls
Batting: RHB Martin Robbins 0-0: Ball
1-0: Swinging Strike
1-1: Ball
2-1: Ball
3-1: Called Strike
3-2: Strikes out swinging
Bottom of the 6th over - 0 runs, 0 hits, 0 errors, 1 left on base; Camden 3 - Auburn 4
TOP OF THE 7TH
Camden Sand Tigers batting - Pitching for Auburn Venom : LHP Evan Hale
Batting: RHB Al Schaut 0-0: DOUBLE (Groundball, 5L, EV 107.5 MPH)
Pinch Hitting: RHB Garick Rieck 0-0: Swinging Strike
0-1: Ball
1-1: Ball
2-1: Ball
3-1: Bunted foul
3-2: Fly out, F9 (Flyball, 89S, EV 87.5 MPH)
Pinch Hitting: RHB Joey King 0-0: Ball
1-0: Ball
2-0: Ball
3-0: Base on Balls
Batting: SHB Jared Manning 0-0: Ball
1-0: Foul Ball, location: 2F
1-1: Fly out, F8 (Flyball, 8LD, EV 95.6 MPH)
Batting: RHB Arel Dennis 0-0: Called Strike
0-1: Swinging Strike
0-2: Ball
1-2: Ground out 4-3 (Groundball, 4, EV 90.6 MPH)
Top of the 7th over - 0 runs, 1 hit, 0 errors, 2 left on base; Camden 3 - Auburn 4
BOTTOM OF THE 7TH
Auburn Venom batting - Pitching for Camden Sand Tigers : LHP Travis Kastelic
Now at 2B: Horton bin Najm al Din
Now at 3B: Arel Dennis
Now in RF: Joey King
Batting: RHB J.C. Creamer 0-0: Called Strike
0-1: Foul Ball, location: 2F
0-2: Ball
1-2: Strikes out swinging
Pitching: LHP Lucious Shaw
Batting: LHB Jaleen Edgell 0-0: Foul Ball, location: 2F
0-1: Ball
1-1: Ball
2-1: Foul Ball, location: 2F
2-2: Foul Ball, location: 2F
2-2: Fly out, F8 (Flyball, 8RS, EV 90.6 MPH)
Batting: RHB Allen Cullin 0-0: Ball
1-0: Called Strike
1-1: Called Strike
1-2: Hit by Pitch
Batting: LHB Da-Jon Akii-Bua 0-0: Ball
1-0: Ball
2-0: Called Strike
2-1: SINGLE (Line Drive, 78M, EV 84.4 MPH)
Allen Cullin to second
Pinch Hitting: RHB Ronnie Luong 0-0: Ball
1-0: Ball
2-0: Called Strike
2-1: Ball
3-1: SINGLE (Groundball, 34S, EV 65.0 MPH) (infield hit)
Allen Cullin to third
Da-Jon Akii-Bua to second
Batting: RHB Ebenezer N'Gotho 0-0: Called Strike
0-1: Ball
1-1: Ball
2-1: Fielders Choice at 2nd, 5-4 (Groundball, 56, EV 90.6 MPH)
Bottom of the 7th over - 0 runs, 2 hits, 0 errors, 3 left on base; Camden 3 - Auburn 4
TOP OF THE 8TH
Camden Sand Tigers batting - Pitching for Auburn Venom : LHP Evan Hale
Now at 1B: Dario Dokter
Now in LF: Da-Jon Akii-Bua
Now in CF: James Furse
Batting: RHB Gregory Hofheins 0-0: Called Strike
0-1: Swinging Strike
0-2: Ball
1-2: Ball
2-2: Foul Ball, location: 2F
2-2: Foul Ball, location: 2F
2-2: Ball
3-2: SOLO HOME RUN (Flyball, 78XD, EV 110.0 MPH), Distance : 415 ft
Batting: RHB Cale Bacon 0-0: Ball
1-0: Called Strike
1-1: Foul Ball, location: 2F
1-2: Ball
2-2: Foul Ball, location: 2F
2-2: Ground out 5-3 (Groundball, 5, EV 82.5 MPH)
Batting: LHB Cody Griggs 0-0: Foul Ball, location: 2F
0-1: Ball
1-1: Called Strike
1-2: Ball
2-2: Ground out 6-3 (Groundball, 6, EV 79.4 MPH)
Batting: RHB Owen Orth 0-0: Called Strike
0-1: Ball
1-1: Foul Ball, location: 2F
1-2: Fly out, F4 (Popup, 34S, EV 70.6 MPH)
Top of the 8th over - 1 run, 1 hit, 0 errors, 0 left on base; Camden 4 - Auburn 4
BOTTOM OF THE 8TH
Auburn Venom batting - Pitching for Camden Sand Tigers : LHP Lucious Shaw
Batting: RHB Scott Horry 0-0: SINGLE (Flyball, 6D, EV 88.1 MPH)
Batting: SHB Quinton Welch 0-0: Called Strike
0-1: Ball
1-1: Fly out, F9 (Line Drive, 89M, EV 95.0 MPH)
Batting: RHB Dario Dokter 0-0: Ball
1-0: Called Strike
Scott Horry is caught stealing 2nd base 2-4
1-1: Ball
2-1: Ball
3-1: Swinging Strike
3-2: Base on Balls
Batting: RHB J.C. Creamer 0-0: Ball
1-0: Foul Ball, location: 2F
1-1: Ball
2-1: Ball
3-1: Base on Balls
Dario Dokter to second
Batting: LHB Jaleen Edgell 0-0: Ball
1-0: Ball
2-0: Ball
3-0: Base on Balls
Dario Dokter to third
J.C. Creamer to second
Batting: RHB Allen Cullin 0-0: Ball
1-0: Called Strike
1-1: Foul Ball, location: 2F
1-2: Ball
2-2: Foul Ball, location: 2F
2-2: Strikes out looking
Bottom of the 8th over - 0 runs, 1 hit, 0 errors, 3 left on base; Camden 4 - Auburn 4
TOP OF THE 9TH
Camden Sand Tigers batting - Pitching for Auburn Venom : LHP Evan Hale
Pitching: RHP Aidan Spradlin
Pinch Hitting: SHB Evan Doyon 0-0: Swinging Strike
0-1: Swinging Strike
0-2: Ball
1-2: Strikes out looking
Batting: LHB Horton bin Najm al Din 0-0: Ground out 6-3 (Groundball, 56, EV 106.9 MPH)
Batting: RHB Joey King 0-0: Ball
1-0: Called Strike
1-1: Ground out 2-3 (Groundball, 2L, EV 61.9 MPH)
Top of the 9th over - 0 runs, 0 hits, 0 errors, 0 left on base; Camden 4 - Auburn 4
BOTTOM OF THE 9TH
Auburn Venom batting - Pitching for Camden Sand Tigers : LHP Lucious Shaw
Now at C: Randy Wassell
Batting: LHB Da-Jon Akii-Bua 0-0: Called Strike
0-1: Ball
1-1: Foul Ball, location: 2F
1-2: Foul Ball, location: 2F
1-2: Strikes out looking
Batting: LHB James Furse 0-0: Ball
1-0: Called Strike
1-1: Ball
2-1: Called Strike
2-2: Fly out, F7 (Line Drive, 78S, EV 103.8 MPH)
Batting: RHB Ebenezer N'Gotho 0-0: Called Strike
0-1: Ball
1-1: Fly out, F8 (Flyball, 8LXD, EV 101.2 MPH)
Bottom of the 9th over - 0 runs, 0 hits, 0 errors, 0 left on base; Camden 4 - Auburn 4
TOP OF THE 10TH
Camden Sand Tigers batting - Pitching for Auburn Venom : RHP Aidan Spradlin
Batting: SHB Jared Manning 0-0: Foul Ball, location: 2F
0-1: Ball
1-1: Foul Ball, location: 2F
1-2: Ground out 6-3 (Groundball, 4MS, EV 88.8 MPH)
Batting: RHB Arel Dennis 0-0: Ground out U3 (Groundball, 34S, EV 85.6 MPH)
Batting: RHB Gregory Hofheins 0-0: Ball
1-0: Ball
2-0: Ball
3-0: Called Strike
3-1: Called Strike
3-2: Base on Balls
Batting: RHB Cale Bacon 0-0: Fly out, F9 (Flyball, 9LS, EV 71.9 MPH)
Top of the 10th over - 0 runs, 0 hits, 0 errors, 1 left on base; Camden 4 - Auburn 4
BOTTOM OF THE 10TH
Auburn Venom batting - Pitching for Camden Sand Tigers : LHP Lucious Shaw
Pitching: RHP Hazen Reyes
Pinch Hitting: LHB James Fessler 0-0: Called Strike
0-1: Swinging Strike
0-2: Foul Ball, location: 2F
0-2: Ball
1-2: Ball
2-2: Ball
3-2: Strikes out looking
Batting: SHB Quinton Welch 0-0: Called Strike
0-1: Ball
1-1: Swinging Strike
1-2: Foul Ball, location: 2F
1-2: Strikes out swinging
Batting: RHB Dario Dokter 0-0: Ball
1-0: Called Strike
1-1: Ball
2-1: Swinging Strike
2-2: Foul Ball, location: 2F
2-2: Strikes out swinging
Bottom of the 10th over - 0 runs, 0 hits, 0 errors, 0 left on base; Camden 4 - Auburn 4
TOP OF THE 11TH
Camden Sand Tigers batting - Pitching for Auburn Venom : RHP Aidan Spradlin
Now in RF: James Fessler
Batting: LHB Cody Griggs 0-0: Foul Ball, location: 2F
0-1: Swinging Strike
0-2: DOUBLE (Flyball, 8LXD, EV 108.1 MPH)
Batting: RHB Owen Orth 0-0: Ball
1-0: Ball
2-0: Swinging Strike
2-1: Called Strike
2-2: Strikes out looking
Batting: RHB Randy Wassell 0-0: Intentional Walk
Batting: LHB Horton bin Najm al Din 0-0: Foul Ball, location: 2F
0-1: SINGLE (Groundball, 56, EV 102.5 MPH)
Cody Griggs to third
Randy Wassell to second
Batting: RHB Joey King 0-0: Ball
1-0: Called Strike
1-1: Foul Ball, location: 2F
1-2: Ball
2-2: Foul Ball, location: 2F
2-2: Strikes out swinging
Batting: SHB Jared Manning 0-0: Swinging Strike
0-1: Called Strike
0-2: Ball
1-2: Ball
2-2: Strikes out swinging
Top of the 11th over - 0 runs, 2 hits, 0 errors, 3 left on base; Camden 4 - Auburn 4
BOTTOM OF THE 11TH
Auburn Venom batting - Pitching for Camden Sand Tigers : RHP Hazen Reyes
Batting: RHB J.C. Creamer 0-0: Foul Ball, location: 2F
0-1: Foul Ball, location: 2F
0-2: Ball
1-2: Foul Ball, location: 2F
1-2: Ball
2-2: Ground out 4-3 (Groundball, 4, EV 87.5 MPH)
Batting: LHB Jaleen Edgell 0-0: Called Strike
0-1: Ball
1-1: Ball
2-1: Foul Ball, location: 2F
2-2: Foul Ball, location: 2F
2-2: Ball
3-2: Foul Ball, location: 2F
3-2: Foul Ball, location: 2F
3-2: Base on Balls
Batting: RHB Allen Cullin 0-0: Called Strike
0-1: DOUBLE (Flyball, 8LXD, EV 109.4 MPH)
Jaleen Edgell to third
Runner from 3rd tries for Home, SAFE, no throw by CF
Bottom of the 11th over - 1 run, 1 hit, 0 errors, 1 left on base; Camden 4 - Auburn 5
Saturday, May 11th , 2024 - OOTP Baseball 23.10 Build 110